 Dungeon Crawl Stone Soup version 0.16-a0-3389-g45633df (webtiles) character file.

542 PolkaDot the Skirmisher (level 7, -9/56 HPs)
             Began as a Vampire Summoner on Dec 30, 2014.
             Was an Initiate of Sif Muna.
             Mangled by a gnoll
             ... wielding a +0 spear
              (12 damage)
             ... on level 6 of the Dungeon.
             The game lasted 00:17:49 (4822 turns).

PolkaDot the Skirmisher (Vampire Summoner)          Turns: 4822, Time: 00:17:49

Health: -9/56      AC:  5    Str: 12    XL:     7   Next: 6%
Magic:  7/12       EV:  9    Int: 19    God:    Sif Muna [......]
Gold:   222        SH:  0    Dex: 19    Spells: 2 memorised, 5 levels left

rFire  . . .     SeeInvis +     y - +3 falchion
rCold  . . .     Clarity  .     a - +0 robe
rNeg   . . .     SustAb   .     (no shield)
rPois  .         Gourm    .     (no helmet)
rElec  .         Spirit   .     g - +2 cloak
rCorr  .         Warding  .     (no gloves)
rMut   .         Stasis   .     (no boots)
MR     .....                    (no amulet)
Stlth  ++++......               (no ring)
                                l - ring of flight

@: mighty, agile, held, regenerating quickly, not resistant to hostile
enchantments, stealthy
A: bottle blood, fangs 3, see invisible, unbreathing
a: Renounce Religion, Evoke Flight


You were on level 6 of the Dungeon.
You worshipped Sif Muna.
Sif Muna was noncommittal.
You were very full.

You visited 1 branch of the dungeon, and saw 6 of its levels.

You collected 222 gold pieces.

Inventory:

Hand weapons
 y - a +3 falchion (weapon)
Armour
 a - a +0 robe (worn)
 g - a +2 cloak (worn)
Jewellery
 l - a ring of flight (left hand)
Scrolls
 d - a scroll of recharging
 f - a scroll of fog {unknown}
 k - 3 scrolls of remove curse
 o - a scroll of noise {unknown}
 r - a scroll of identify {unknown}
 u - a scroll of magic mapping
 x - a scroll of fear {unknown}
Potions
 j - a potion of heal wounds {unknown}
 m - a potion of magic
 n - a potion of ambrosia {unknown}
 p - a potion of haste {unknown}
 s - a potion of brilliance {unknown}
 t - 13 potions of blood {@*1}
 v - a potion of curing {unknown}
 w - a potion of resistance {unknown}
Books
 b - a book of Callings

   Spells                             Type                      Level
   a - Summon Small Mammal            Summoning                    1
   b - Call Imp                       Summoning                    2
   c - Call Canine Familiar           Summoning                    3
   d - Summon Guardian Golem          Hexes/Summoning              4
   e - Summon Lightning Spire         Summoning/Air                4
   f - Summon Ice Beast               Ice/Summoning                4


   Skills:
 - Level 5.4 Fighting
 + Level 1.1 Long Blades
 - Level 2.1 Dodging
 - Level 3.0 Stealth
 - Level 2.0 Spellcasting
 * Level 5.2 Summonings
 - Level 1.8 Evocations


You had 5 spell levels left.
You knew the following spells:

 Your Spells              Type           Power        Failure   Level  Hunger
d - Call Canine Familiar  Summ           ###.....     8%          3    ###....
s - Call Imp              Summ           ###.....     3%          2    ###....


Dungeon Overview and Level Annotations

Branches:
Dungeon (6/15)             Temple (0/1) D:4

Altars:
Elyvilon
Qazlal
Sif Muna

Shops:
D:4 :

Annotations:
D:5 Menkaure


Innate Abilities, Weirdness & Mutations

Your natural rate of healing is unusually fast.
You can bottle blood from corpses.
You have razor-sharp teeth.
You have supernaturally acute eyesight.
You can survive without breathing.


Message History

Drink which item? (? for menu, Esc to quit)
Okay, then.
Read which item? (? for menu, Esc to quit)
Okay, then.
Drink which item? (? for menu, Esc to quit)
It was a potion of cancellation.
Your magical contamination has completely faded away.
You feel magically purged.
Your hound closely misses the gnoll.
The gnoll closely misses your hound.
Your hound bites the gnoll.
The gnoll dies!
Drink which item? (? for menu, Esc to quit)
It was a potion of agility.
You feel agile all of a sudden. The gnoll hits you but does no damage.
Drink which item? (? for menu, Esc to quit)
It was a potion of might.
You feel very mighty all of a sudden.
Your hound bites the gnoll.
The gnoll hits you from afar with a spear!
You die...

### ###.##
#....#####
###.#####h#........
.......)zg...#
###.#######@## #.#
#.# ##'## ##...##
##.....##
##.......##
#.......).#
+......)<.+


You could see a wight, a gnoll and a friendly hound.

Vanquished Creatures
  An ogre (D:4)
  2 phantoms (D:5)
  A wight (D:6)
  A giant frog zombie (D:5)
  An iguana (D:5)
  An orc priest (D:5)
  A killer bee zombie (D:5)
  Jessica (D:2)
  2 gnolls (D:6)
  3 adders
  A shadow imp (D:5)
  A giant mite (D:3)
  2 worms
  An adder skeleton (D:4)
  2 oozes
  3 orcs
  A giant cockroach (D:3)
  6 hobgoblins
  7 kobolds
  A quokka (D:4)
  A ball python (D:5)
  11 bats
  2 giant geckos
  2 giant gecko skeletons
  4 giant newts
  11 goblins
  A jackal skeleton (D:5)
  9 rats
80 creatures vanquished.

Vanquished Creatures (collateral kills)
  A wight (D:6)
  An orc wizard (D:5)
  A gnoll (D:6)
  4 adders
  2 giant geckos
  An ooze (D:1)
  An orc (D:5)
  2 bats (D:3)
  2 giant cockroaches
  2 goblins
  4 hobgoblins
  A kobold (D:2)
  A rat (D:2)
23 creatures vanquished.

Vanquished Creatures (others)
  A crimson imp (D:5)
  2 hounds (D:5)
  2 white imps
  A shadow imp (D:5)
6 creatures vanquished.

Grand Total: 109 creatures vanquished

Notes
Turn   | Place    | Note
--------------------------------------------------------------
     0 | D:1      | PolkaDot, the Vampire Summoner, began the quest for the Orb.
     0 | D:1      | Reached XP level 1. HP: 13/13 MP: 3/3
   112 | D:1      | Reached skill level 1 in Fighting
   265 | D:1      | Reached XP level 2. HP: 16/21 MP: 1/4
   295 | D:1      | Learned a level 2 spell: Call Imp
   825 | D:1      | You fall through a shaft!
  1218 | D:2      | Reached XP level 3. HP: 28/28 MP: 0/6
  1359 | D:2      | Noticed Jessica
  1387 | D:2      | Killed Jessica
  1394 | D:2      | Learned a level 3 spell: Call Canine Familiar
  1476 | D:2      | Found a stormy altar of Qazlal.
  1867 | D:3      | Found a white marble altar of Elyvilon.
  1876 | D:3      | Reached XP level 4. HP: 26/35 MP: 0/7
  2060 | D:3      | Reached skill level 1 in Evocations
  2584 | D:3      | You fall through a shaft!
  2599 | D:4      | Noticed an ogre
  2614 | D:4      | Killed an ogre
  2614 | D:4      | Reached XP level 5. HP: 20/42 MP: 6/9
  2639 | D:4      | Found a deep blue altar of Sif Muna.
  2642 | D:4      | Became a worshipper of Sif Muna the Loreminder
  3079 | D:4      | Found a staircase to the Ecumenical Temple.
  3114 | D:4      | Found Ocaj's Book Shoppe.
  3392 | D:5      | Entered Level 5 of the Dungeon
  3816 | D:5      | Noticed a phantom
  3816 | D:5      | Noticed a phantom
  4062 | D:5      | Killed a phantom
  4062 | D:5      | Reached XP level 6. HP: 30/50 MP: 1/10
  4342 | D:5      | Reached skill level 5 in Fighting
  4388 | D:5      | Killed a phantom
  4527 | D:5      | Noticed Menkaure
  4689 | D:6      | Reached skill level 5 in Summonings
  4694 | D:6      | Reached skill level 1 in Long Blades
  4694 | D:6      | Reached XP level 7. HP: 30/56 MP: 3/12
  4816 | D:6      | HP: 1/56 [gnoll/spear (6)]
  4822 | D:6      | Mangled by a gnoll

Action                   |  1- 3 |  4- 6 |  7- 9 || total
-------------------------+-------+-------+-------++-------
Melee: Dagger            |   122 |       |       ||   122
       Unarmed           |    11 |       |       ||    11
       Spear             |    10 |    18 |       ||    28
       Trident           |       |   201 |       ||   201
       Falchion          |       |    29 |    16 ||    45
 Cast: Summon Small Mamm |    19 |       |       ||    19
       Call Imp          |    12 |    27 |       ||    39
       Call Canine Famil |       |     6 |     1 ||     7
 Abil: Stop Flying       |       |     1 |       ||     1
       Evoke Flight      |       |     1 |       ||     1
  Use: Potion            |     1 |    18 |     3 ||    22
       Scroll            |       |     9 |       ||     9
 Stab: Distracted        |     4 |     1 |       ||     5
       Sleeping          |     4 |    16 |       ||    20
  Eat: Corpse            |    11 |       |       ||    11
